 Dungeon Crawl Stone Soup version 0.31-a0-1612-g4aaf141004 (webtiles) character file.

Game seed: 5721641761742516283

1471021 Strat the Sensei (level 24, 339/339 HPs)
             Began as a Black Draconian Shapeshifter on Jan 8, 2024.
             Was an Initiate of Gozag.
             Escaped with the Orb
             ... and 3 runes on Jan 9, 2024!
             The game lasted 03:12:04 (82964 turns).

Strat the Sensei (Black Draconian Shapeshifter)    Turns: 82964, Time: 03:12:04

Health: 339/339    AC: 26    Str: 29    XL:     24   Next: 49%
Magic:  23/23      EV: 23    Int: 12    God:    Gozag
Gold:   6475       SH:  5    Dex: 26    Spells: 8/23 levels left

rFire   + .          .
                       - Unarmed
rCold   + + .        c - melded +1 buckler {rC+}
rNeg    + . .        (body armour unavailable)
rPois   +            (helmet currently unavailable)
rElec   +            C - melded +2 cloak {Will+}
rCorr   +            Q - melded +1 pair of gloves
SInv    .            W - melded +2 pair of boots of a wizard's laboratory {rPois rN+ Int+3 Dex+3}
Will    +....        a - amulet "Nuhymy" {Reflect rC+ SH+5}
Stlth   +            H - ring of Twilight {rPois rC+ rCorr EV+5 Dex+3}
HPRegen 0.76/turn    u - ring "Vafussam" {rF+ rN+ AC+4 Dex+4}
MPRegen 0.18/turn

%: reflection
@: dragon-form, flying, studying Stealth
A: dragon claw, dragon scales, flying, boosted hp, breathe lightning, AC +12,
giant, unfitting armour, (big wings), electricity resistance, (cold-blooded)
0: Orb of Zot
}: 3/15 runes: serpentine, barnacled, silver
a: Breathe Lightning, Begin Untransformation, Renounce Religion, Potion
Petition, Call Merchant, Bribe Branch


You escaped.
You worshipped Gozag.
Gozag was greatly pleased with you.
You were a fearsome storm dragon!
You visited 9 branches of the dungeon, and saw 47 of its levels.
You visited the Abyss 1 time.

You collected 28409 gold pieces.
You spent 2662 gold pieces at shops.
You paid 19272 gold pieces to Gozag.

Inventory:

Missiles
 E - 10 curare-tipped darts
 J - 13 throwing nets
Armour
 c - a +1 buckler of cold resistance (melded)
 C - a +2 cloak of willpower (melded)
 K - a +2 pair of boots of rampaging
 Q - a +1 pair of gloves (melded)
 W - the +2 pair of boots of a wizard's laboratory (melded) {rPois rN+ Int+3 Dex+3}
   (You found it on level 3 of the Realm of Zot)

   Int+3:     It affects your intelligence (+3).
   Dex+3:     It affects your dexterity (+3).
   rPois:     It protects you from poison rN+: It protects you from negative
   energy.
Jewellery
 a - the amulet "Nuhymy" (around neck) {Reflect rC+ SH+5}
   (You bought it in a shop on level 3 of the Shoals)

   [amulet of reflection]

   Reflect:   It reflects blocked missile attacks.
   rC+:       It protects you from cold.
   SH+5:      It affects your SH (+5).
 m - a ring of see invisible
 u - the ring "Vafussam" (right foreclaw) {rF+ rN+ AC+4 Dex+4}
   (You bought it in a shop on level 2 of the Dungeon)

   [ring of protection]

   AC+4:      It affects your AC (+4).
   Dex+4:     It affects your dexterity (+4).
   rF+:       It protects you from fire.
   rN+:       It protects you from negative energy.
 z - the ring of Taurudem {rN+ Will++ rCorr Str-2 Int+3 Dex+6}
   (You acquired it on level 1 of the Realm of Zot)

   [ring of dexterity]

   Str-2:     It affects your strength (-2).
   Int+3:     It affects your intelligence (+3).
   Dex+6:     It affects your dexterity (+6).
   rN+:       It protects you from negative energy.
   Will++:    It greatly increases your willpower.
   rCorr:     It protects you from acid and corrosion.
 H - the ring of Twilight (left foreclaw) {rPois rC+ rCorr EV+5 Dex+3}
   (You took it off a deep elf master archer on level 3 of the Elven Halls)

   [ring of evasion]

   EV+5:      It affects your evasion (+5).
   Dex+3:     It affects your dexterity (+3).
   rC+:       It protects you from cold.
   rPois:     It protects you from poison rCorr: It protects you from acid and
   corrosion.
Talismans
 k - a talisman of death
 r - a dragon-blood talisman (active)
Wands
 f - a wand of quicksilver (4)
 i - a wand of polymorph (12)
 y - a wand of digging (36)
 B - a wand of flame (61)
 G - a wand of charming (53)
 M - a wand of mindburst (18)
 P - a wand of roots (36)
Scrolls
 b - a scroll of summoning
 n - 8 scrolls of teleportation
 o - 3 scrolls of fear
 s - 2 scrolls of enchant weapon
 x - 2 scrolls of silence
 A - 4 scrolls of poison
 D - a scroll of amnesia
 L - 2 scrolls of enchant armour
 S - 4 scrolls of immolation
 T - 2 scrolls of torment
 V - 4 scrolls of fog
 Z - 3 scrolls of revelation
Potions
 d - 2 potions of invisibility
 e - 10 potions of mutation
 h - 6 potions of brilliance
 j - a potion of attraction
 l - 3 potions of haste
 p - 8 potions of enlightenment
 t - 2 potions of resistance
 v - 2 potions of might
 w - 3 potions of ambrosia
 F - 3 potions of magic
 N - 12 potions of curing
 O - 8 potions of heal wounds
 U - 2 potions of lignification
Miscellaneous
 g - a phantom mirror
 q - a lightning rod (4/4)
 I - a sack of spiders
 R - a condenser vane


   Skills:
 + Level 20.7 Fighting
 + Level 13.3 Dodging
 + Level 25.8 Unarmed Combat
 - Level 7.0 Translocations
 - Level 7.2 Ice Magic
 - Level 9.0 Air Magic
 - Level 8.0 Evocations
 + Level 23.4 Shapeshifting


You had 8 spell levels left.
You knew the following spells:

 Your Spells              Type           Power      Damage    Failure   Level
a - Blink                 Tloc           32%        N/A       2%          2
b - Ozocubu's Armour      Ice            17%        N/A       5%          3
c - Vhi's Electric Charg  Tloc/Air       38%        N/A       12%         4
d - Lesser Beckoning      Tloc           32%        N/A       2%          2
e - Apportation           Tloc           32%        N/A       1%          1
f - Swiftness             Air            21%        N/A       2%          3

Your spell library contained the following spells:

 Spells                   Type           Power      Damage    Failure   Level
 Freeze                   Ice            68%        1d8       1%          1
 Shock                    Conj/Air       40%        1d5       5%          1
 Frozen Ramparts          Ice            34%        1d6       5%          3
 Gell's Gravitas          Tloc           16%        N/A       5%          3
 Teleport Other           Tloc           16%        N/A       5%          3
 Static Discharge         Conj/Air       20%        3-4/arc   8%          2
 Airstrike                Air            10%        2d(2-18)  9%          4
 Ensorcelled Hibernation  Hex/Ice        16%        N/A       12%         2
 Manifold Assault         Tloc           16%        N/A       19%         4
 Hailstorm                Conj/Ice       8%         3d5       22%         3
 Summon Ice Beast         Ice/Summ       8%         N/A       22%         3
 Foxfire                  Conj/Fire      0%         2x1d4     32%         1
 Kiss of Death            Conj/Necr      0%         2d5       32%         1
 Magic Dart               Conj           0%         1d3       32%         1
 Necrotise                Necr           0%         1d4       32%         1
 Sandblast                Erth           0%         2d4       32%         1
 Sting                    Conj/Alch      0%         1d3       32%         1
 Summon Small Mammal      Summ           0%         N/A       32%         1
 Call Imp                 Summ           0%         N/A       45%         2
 Jinxbite                 Hex            0%         N/A       45%         2
 Scorch                   Fire           0%         2d5       45%         2
 Searing Ray              Conj           0%         2d4       45%         2
 Summon Lightning Spire   Summ/Air       10%        N/A       45%         4
 Dimensional Bullseye     Hex/Tloc       4%         N/A       61%         4
 Call Canine Familiar     Summ           0%         N/A       69%         3
 Confusing Touch          Hex            0%         N/A       69%         3
 Dazzling Flash           Conj/Hex       0%         N/A       69%         3
 Fugue of the Fallen      Necr           0%         N/A       69%         3
 Passwall                 Erth           0%         N/A       69%         3
 Sigil of Binding         Hex            0%         N/A       69%         3
 Stone Arrow              Conj/Erth      0%         3d7       69%         3
 Arcjolt                  Conj/Air       5%         1d15      82%         5
 Silence                  Hex/Air        5%         N/A       82%         5
 Metabolic Englaciation   Hex/Ice        4%         N/A       91%         5
 Dispersal                Tloc           8%         N/A       96%         6
 Anguish                  Hex/Necr       0%         N/A       97%         4
 Brom's Barrelling Bould  Conj/Erth      0%         2d3       97%         4
 Cause Fear               Hex            0%         N/A       97%         4
 Dispel Undead            Necr           0%         3d6       97%         4
 Flame Wave               Conj/Fire      0%         2d4       97%         4
 Fulminant Prism          Conj/Alch      0%         3d5       97%         4
 Leda's Liquefaction      Alch/Erth      0%         N/A       97%         4
 Petrify                  Alch/Erth      0%         N/A       97%         4
 Summon Blazeheart Golem  Fire/Summ      0%         N/A       97%         4
 Fireball                 Conj/Fire      0%         3d3       100%        5
 Iskenderun's Battlesphe  Conj           0%         2d6       100%        5
 Yara's Violent Unravell  Hex/Alch       0%         3d3       100%        5
 Conjure Ball Lightning   Conj/Air       5%         3x3d6     100%        6
 Plasma Beam              Fire/Air       5%         2x1d15    100%        6
 Sculpt Simulacrum        Ice/Alch       4%         N/A       100%        6
 Starburst                Conj/Fire      0%         6d3       100%        6
 Summon Cactus Giant      Summ           0%         N/A       100%        6
 Enfeeble                 Hex            0%         N/A       100%        7
 Haunt                    Necr/Summ      0%         N/A       100%        7
 Orb of Destruction       Conj           0%         9d5       100%        7
 Spellforged Servitor     Conj/Summ      0%         N/A       100%        7
 Infestation              Necr           0%         N/A       100%        8
 Maxwell's Capacitive Co  Air            10%        ∞         100%        8
 Chain Lightning          Conj/Air       5%         3d6       100%        9
 Dragon's Call            Summ           0%         N/A       100%        9
 Fire Storm               Conj/Fire      0%         5d1       100%        9
 Shatter                  Erth           0%         3d5*      100%        9
 Animate Dead             Necr           Unusable   N/A       N/A         4

Dungeon Overview and Level Annotations

Branches:
Dungeon (15/15)            Temple (0/1) D:6            Lair (5/5) D:10
 Shoals (4/4) Lair:3        Snake (4/4) Lair:2        Slime (0/5) Lair:4
    Orc (2/2) D:11            Elf (3/3) Orc:2        Vaults (5/5) D:13
  Crypt (0/3) Vaults:2     Depths (4/4) D:15            Zot (5/5) Depths:4

Altars:
Cheibriados
Dithmenos
Elyvilon
Fedhas
Gozag
Hepliaklqana
Kikubaaqudgha
Makhleb
Okawaru
Qazlal
Ru
Vehumet
Wu Jian
Xom
Yredelemnul
Zin
The Shining One
Jiyva
Lugonu

Shops:
D:2 =   D:4 ?   Orc:1 !   Orc:2 ?[[*   Elf:1 [   Elf:2 [   Elf:3 (   Shoals:3 =
Snake:2 [*[   Vaults:1 *   Vaults:2 (   Vaults:3 :   Depths:1 !!=
Depths:3 ==:

Portals:
Hell: Depths:1 Depths:2 Depths:3 Depths:4
Abyss: Lair:5 Depths:1 Depths:3
Pandemonium: Depths:2 Depths:4
Ziggurat: Depths:1
Trove: D:10 (give 16 potions of curing)

Annotations:
Lair:1 3 runed translucent doors, Ukasumac's ghost, journeyman DgSh
Lair:5 3 runed translucent doors, Likado's ghost, journeyman GnSu
Shoals:3 1 runed translucent door, Onluw's ghost, adept DsWn
Shoals:4 Mara
Elf:2 3 runed translucent doors
Zot:5 exclusion: obsidian statue


Innate Abilities, Weirdness & Mutations

You are a fearsome storm dragon!
You have a powerful clawing attack.
Your giant scaled body is strong and resilient, but less evasive.
Your breath weapon is enhanced in this form.
You are flying.
Your maximum health is greatly increased.
Your armour is entirely melded.
You are incapable of wielding weapons or throwing items.
You can breathe wild blasts of lightning.
Your glossy black scales are hard. (AC +12)
You cannot fit into any form of body armour.
((Your large and strong wings let you fly.))
You are resistant to electric shocks. (rElec)
((You are cold-blooded and may be slowed by cold attacks.))


Message History

There is a stone staircase leading down, spattered with blood here.
You maul the efreet!!!!
You kill the efreet!
You now have 6467 gold pieces (gained 32).
Things that are here:
a +4 scimitar of flaming; a +0 giant club
There is a stone staircase leading down, spattered with blood here.
A rakshasa comes into view. It is wielding a +0 whip.
The rakshasa weaves an illusion.
A sleepcap comes into view.
The rakshasa gestures at you. The lance of force hits you.
You are knocked back by the lance of force.
You slam into the rock wall!
There is a stone staircase leading up here.
The rakshasa barely misses you.
You fly upwards.
The sleepcap shimmers and vanishes!
There is a stone staircase leading down here.
You closely miss the rakshasa. You tail-slap the rakshasa.
You claw the rakshasa!!
The rakshasa is heavily wounded.
You hit the rakshasa but do no damage.
Your tail-slap misses the rakshasa.
Your bite misses the rakshasa.
The rakshasa is heavily wounded.
The rakshasa hits you but does no damage.
You maul the rakshasa!!!!
You kill the rakshasa!
You now have 6475 gold pieces (gained 8).
Things that are here:
a +0 whip; a +0 robe
There is an escape hatch in the ceiling here.
A mysterious force pulls you upwards. The hatch slams shut behind you.
There is an open door here.
The gnoll shouts!
There is a stone staircase leading up here.
You fly upwards.
There is a stone staircase leading down here.
There is an open door here.
There is a staircase leading out of the dungeon here.
You have escaped!

#### #..# ###### #..# #.....
#######..# #.#### .........# #.#
## #####.#..######### ##.###. #
#...#..........# #...#.. #
#.############'############....
#####.......................###..
#..#.......[....D............##..
#.##.....#####.....#####.....##.#
#.##....##...##...##...##....###.
..##...##(.8..##'##..8..##...# #.
..##..##.................##..# #.
..##.##...................##.###.
..##.#........##.###.#######.....
..##....###.#.##.# #.# ######
..####..# #.#.##.# #.#


There were no monsters in sight!

Vanquished Creatures
  A juggernaut (Depths:4)
  Parghit (Zot:3)
  3 Killer Klowns (Zot:5)
  Saint Roka (Elf:3)
  3 golden dragons
  A curse toe (Zot:3)
  An electric golem (Zot:4)
  A Tzitzimitl (D:8)
  An iron giant (Depths:3)
  7 Orb Guardians
  10 tentacled monstrosities
  A lich (Depths:1)
  5 quicksilver dragons
  2 deep elf blademasters (Elf:3)
  A walking frostbound tome (Depths:4)
  2 titans (Vaults:5)
  7 death cobs
  2 deep elf master archers (Elf:3)
  4 sphinxes
  7 shadow dragons
  2 tentacled starspawn (Abyss:3)
  Donald (Snake:3)
  Kirke (Elf:1)
  11 storm dragons
  3 tengu reavers
  A draconian knight (Zot:1)
  2 nagarajas (Snake:4)
  A draconian shifter (Zot:2)
  Aizul (Snake:4)
  2 protean progenitors (Zot:1)
  2 deep elf sorcerers
  6 fire giants
  7 frost giants
  14 vault wardens
  6 draconian monks
  An iron dragon (Depths:3)
  An orc warlord (Orc:1)
  2 ghost moths
  2 angels (Vaults:3)
  2 draconian stormcallers
  A balrug (Depths:2)
  3 draconian scorchers
  14 ironbound preservers
  14 very ugly things
  A ghoul (Vaults:2)
  3 deep elf elementalists (Elf:3)
  13 stone giants
  7 draconian annihilators
  4 ironbound thunderhulks
  A formless jellyfish (Vaults:2)
  3 reapers
  6 deep elf demonologists (Elf:3)
  4 green draconians
  A lorocyproca (Depths:2)
  A vampire knight (Depths:2)
  9 dire elephants
  4 war gargoyles
  8 black draconians
  10 red draconians
  2 deep elf annihilators
  4 spark wasps
  6 purple draconians
  7 deep elf death magi
  8 yellow draconians
  12 white draconians
  5 merfolk impalers
  8 merfolk javelineers
  3 entropy weavers
  11 ettins
  Josephine (D:13)
  4 deep elf high priests
  12 yaktaur captains
  9 fire dragons
  4 rakshasas
  Fannar (D:12)
  7 great orbs of eyes
  7 salamander tyrants
  A hell beast (Depths:4)
  9 ice dragons
  Harold (Lair:1)
  A quicksilver dragon skeleton (Vaults:5)
  18 hydras
  3 spriggan air magi
  A peacekeeper (Vaults:1)
  35 vault guards
  8 ogre magi
  6 centaur warriors
  4 merfolk avatars
  A two-headed ogre (shapeshifter) (Depths:1)
  7 alligator snapping turtles
  Erica (D:8)
  17 two-headed ogres
  6 anacondas
  3 boulder beetles
  2 merfolk aquamancers (Shoals:4)
  3 satyrs
  11 ironbound frosthearts
  17 dancing weapons
  2 vampire magi
  8 tengu warriors
  A deep troll earth mage (Depths:2)
  5 thrashing horrors
  13 shock serpents
  An orc high priest (Orc:1)
  3 deep troll shamans
  9 naga warriors
  15 naga sharpshooters
  3 occultists
  A sun demon (Depths:2)
  7 hell knights
  2 spriggan berserkers (Depths:2)
  5 deep elf knights
  2 wretched stars (Abyss:3)
  2 soul eaters
  Amaemon (Lair:1)
  A sixfirhy (Depths:2)
  4 salamander mystics
  7 sea snakes
  A skyshark (shapeshifter) (Vaults:4)
  2 iron trolls (Depths:2)
  3 skysharks
  Lodul (D:11)
  12 skeletal warriors
  A bunyip zombie (Abyss:3)
  53 deep trolls
  4 arcanists
  A flayed ghost (Depths:2)
  An orb spider (shapeshifter) (Depths:4)
  17 mana vipers
  A shadow demon (Depths:4)
  A shadow wraith (Vaults:5)
  8 naga ritualists
  2 steelbarb worms (Zot:1)
  12 deep elf archers
  4 glowing orange brains
  3 phantasmal warriors
  11 lindwurms
  20 deep elf pyromancers
  3 starcursed masses (Abyss:3)
  22 ironbound convokers
  19 deep elf zephyrmancers
  20 harpies
  6 large abominations
  4 necromancers
  An orc knight (D:12)
  13 salamanders
  3 orc sorcerers
  20 ugly things
  17 fauns
  A faun (shapeshifter) (Vaults:4)
  14 manticores
  4 cyclopes
  A human skeleton (Vaults:5)
  9 moths of wrath
  An apocalypse crab (Abyss:3)
  27 elephants
  21 vault sentinels
  37 black mambas
  9 merfolk sirens
  18 naga magi
  Joseph (D:8)
  8 smoke demons
  6 water nymphs
  7 guardian serpents
  4 unseen horrors
  19 cane toads
  An orange demon (Lair:1)
  3 gargoyles
  A hellion (Depths:4)
  A rime drake (shapeshifter) (Lair:5)
  4 rime drakes
  3 torpor snails
  2 yaktaurs (shapeshifter)
  14 komodo dragons
  Psyche (D:12)
  20 yaktaurs
  2 tengu conjurers (Depths:1)
  3 efreet
  9 trolls
  7 wind drakes
  19 merfolk
  4 polar bears
  2 hornets (Depths:2)
  A tengu simulacrum (Vaults:5)
  19 dream sheep
  8 snapping turtles
  A raiju (Lair:5)
  2 tarantellas
  A glass eye (shapeshifter) (Vaults:5)
  A glass eye (Depths:2)
  16 blink frogs
  3 air elementals
  12 water elementals
  30 slime creatures
  9 small abominations
  12 wraiths
  3 spriggans
  35 yaks
  3 ynoxinuls
  5 wyverns
  6 basilisks
  2 vampires
  4 hogs (Elf:1)
  2 wargs (Orc:2)
  2 neqoxecs
  5 vampire mosquitoes
  A redback (Vaults:1)
  2 chaos spawn (Lair:5)
  8 fire elementals
  A human (D:13)
  4 steam dragons
  38 nagas
  3 acid dragons
  25 water moccasins
  An ice beast (D:7)
  2 sky beasts
  15 orc warriors
  5 black bears
  A laughing skull (D:12)
  31 ogres
  18 wolves
  20 centaurs
  A centaur (shapeshifter) (D:14)
  A weeping skull (Abyss:3)
  12 bullfrogs
  3 earth elementals
  4 scorpions
  7 wights
  15 killer bees
  10 howler monkeys
  6 electric eels
  4 crimson imps (D:15)
  3 bombardier beetles
  2 jellies (D:5)
  A hound (D:4)
  18 orc priests
  4 sleepcaps
  Jessica (D:2)
  An iguana (D:5)
  5 hell rats (Lair:1)
  17 orc wizards
  8 gnolls
  4 adders
  3 white imps
  3 ufetubi
  A ribbon worm (shapeshifter) (D:13)
  53 orcs
  4 ball pythons
  6 bats
  6 endoplasms
  3 giant cockroaches
  15 goblins
  8 hobgoblins
  6 jackals
  7 quokkas
  3 frilled lizards
  3 kobolds
  8 rats
  2 aspiring fleshes (Zot:1)
1778 creatures vanquished.

Vanquished Creatures (collateral kills)
  A dread lich (Zot:5)
  An ancient lich (Zot:5)
  4 Killer Klowns (Zot:5)
  2 Orb Guardians (Zot:5)
  2 storm dragons
  A draconian knight (Zot:5)
  A draconian shifter (Zot:1)
  A vault warden (Vaults:5)
  A ghost moth (Zot:5)
  A draconian stormcaller (Zot:5)
  An ironbound preserver (Vaults:5)
  A green draconian (Zot:5)
  2 lorocyprocas (Zot:5)
  A black draconian (Zot:5)
  A bunyip (shapeshifter) (Vaults:5)
  An ettin (Vaults:5)
  2 vault guards (Vaults:5)
  A hydra (Lair:4)
  2 two-headed ogres (Vaults:5)
  2 vault sentinels (Vaults:5)
  4 yaktaurs (Vaults:5)
  A blink frog (Lair:4)
  A glass eye (shapeshifter) (Vaults:5)
  2 yaks (Lair:2)
  2 ogres (Vaults:5)
  An orc wizard (Vaults:5)
  2 orcs (Vaults:5)
42 creatures vanquished.

Vanquished Creatures (others)
  2 dread liches (Zot:5)
  An orb of fire (Zot:5)
  2 Killer Klowns (Zot:5)
  A golden dragon (Zot:5)
  An electric golem (Zot:5)
  3 tentacled monstrosities
  15 Orb Guardians (Zot:5)
  5 titans (Vaults:5)
  3 death cobs (Zot:5)
  6 tengu reavers (Vaults:5)
  A shadow dragon (Vaults:5)
  A frost giant (Vaults:5)
  A draconian monk (Zot:5)
  2 deep elf sorcerers (Vaults:5)
  A draconian knight (Zot:5)
  8 vault wardens (Vaults:5)
  An ironbound preserver (Vaults:5)
  2 stone giants (Vaults:5)
  A yellow draconian (Zot:5)
  A red draconian (Zot:5)
  A deep elf high priest (Vaults:5)
  3 yaktaur captains (Vaults:5)
  2 ettins (Vaults:5)
  5 vault guards (Vaults:5)
  2 ogre magi (Vaults:5)
  2 two-headed ogres (Vaults:5)
  3 deep troll earth magi (Vaults:5)
  5 ironbound convokers (Vaults:5)
  2 phantasmal warriors (Vaults:5)
  A deep elf zephyrmancer (Elf:1)
  2 orc knights (Vaults:5)
  An orc sorcerer (Vaults:5)
  A moth of wrath (Zot:5)
  5 vault sentinels (Vaults:5)
  2 yaktaurs (Vaults:5)
  A troll (Vaults:5)
  A merfolk (shapeshifter) (Vaults:5)
  2 orc warriors (Vaults:5)
  2 ogres (Vaults:5)
  A centaur (D:14)
  An orc priest (Vaults:5)
  4 orcs
  3 starspawn tentacles (Abyss:3)
110 creatures vanquished.

Grand Total: 1930 creatures vanquished

Notes
Turn   | Place    | Note
-------+----------+-------------------------------------------
     0 | D:1      | Strat the Draconian Shapeshifter began the quest for the
                  | Orb.
     0 | D:1      | Reached XP level 1. HP: 16/16 MP: 1/1
   124 | D:1      | Reached XP level 2. HP: 21/23 MP: 2/2
   405 | D:1      | Found a faded altar of an unknown god.
   752 | D:2      | Noticed Jessica
   791 | D:2      | Reached XP level 3. HP: 29/29 MP: 3/3
   881 | D:2      | Found Risa's Jewellery Shop.
   894 | D:2      | Found a glowing golden altar of the Shining One.
  1035 | D:2      | Killed Jessica
  1036 | D:2      | Reached skill level 4 in Unarmed Combat
  1169 | D:2      | Reached XP level 4. HP: 37/37 MP: 4/4
  1632 | D:3      | Found a snail-covered altar of Cheibriados.
  1742 | D:3      | Reached skill level 5 in Unarmed Combat
  1742 | D:3      | Reached XP level 5. HP: 45/45 MP: 5/5
  2072 | D:4      | Found a burning altar of Makhleb.
  2096 | D:4      | Noticed an ogre
  2107 | D:4      | Killed an ogre
  2208 | D:4      | Found a shadowy altar of Dithmenos.
  2211 | D:4      | Found a basalt altar of Yredelemnul.
  2214 | D:4      | Found an opulent altar of Gozag.
  2218 | D:4      | Became a worshipper of Gozag Ym Sagoz the Greedy
  2301 | D:4      | Found Dewent's Magic Scroll Boutique.
  2306 | D:4      | Bought a scroll of teleportation for 39 gold pieces
  2306 | D:4      | Bought a scroll of teleportation for 39 gold pieces
  2388 | D:4      | Reached XP level 6. HP: 37/52 MP: 6/6
  2506 | D:4      | Reached skill level 6 in Unarmed Combat
  2896 | D:5      | Entered Level 5 of the Dungeon
  3080 | D:5      | Noticed an orc warrior
  3089 | D:4      | Reached skill level 7 in Unarmed Combat
  3089 | D:4      | Your scales start taking on a glossy black colour.
  3089 | D:4      | Reached XP level 7. HP: 21/60 MP: 7/7
  3089 | D:4      | Gained mutation: You are resistant to electric shocks.
                  | (rElec) [Black Draconian growth]
  3422 | D:5      | Reached skill level 5 in Fighting
  3969 | D:5      | Reached skill level 8 in Unarmed Combat
  4217 | D:6      | Reached XP level 8. HP: 57/70 MP: 8/8
  4555 | D:6      | Found a staircase to the Ecumenical Temple.
  4688 | D:6      | Reached skill level 9 in Unarmed Combat
  5576 | D:7      | Reached skill level 10 in Unarmed Combat
  5805 | D:7      | Found a blossoming altar of Fedhas.
  5820 | D:7      | Reached XP level 9. HP: 71/75 MP: 9/9
  5868 | D:7      | Identified the +1 short sword of Destiny {freeze, rPois
                  | Will+}
  5999 | D:7      | Reached skill level 5 in Shapeshifting
  6899 | D:8      | Noticed Joseph
  6914 | D:8      | Killed Joseph
  6915 | D:8      | Reached skill level 11 in Unarmed Combat
  7076 | D:8      | Noticed Erica
  7490 | D:9      | Reached XP level 10. HP: 80/83 MP: 10/10
  7562 | D:9      | Found an ornate altar of the Wu Jian Council.
  8341 | D:10     | Entered Level 10 of the Dungeon
  8579 | D:10     | Reached skill level 12 in Unarmed Combat
  8740 | D:10     | Noticed an elephant
  8758 | D:9      | Killed an elephant
  9079 | D:10     | Found a portal to a secret trove of treasure.
  9137 | D:10     | Reached skill level 1 in Evocations
  9291 | D:10     | Found a staircase to the Lair.
  9323 | D:10     | Found a shimmering altar of Xom.
  9323 | D:10     | Found a stormy altar of Qazlal.
  9323 | D:10     | Found a sacrificial altar of Ru.
  9324 | D:10     | Found an iron altar of Okawaru.
  9328 | D:10     | Found an ancient bone altar of Kikubaaqudgha.
 10354 | D:11     | Noticed a gargoyle
 10384 | D:11     | Noticed a two-headed ogre
 10409 | D:11     | Killed a two-headed ogre
 10689 | Lair:1   | Entered Level 1 of the Lair of Beasts
 10689 | Lair:1   | Noticed an elephant
 10689 | Lair:1   | Noticed an elephant
 10689 | Lair:1   | Noticed an elephant
 10689 | Lair:1   | Noticed an elephant
 10689 | Lair:1   | Noticed an elephant
 10696 | D:10     | Killed an elephant
 10737 | D:10     | Killed an elephant
 10742 | D:10     | Killed an elephant
 10743 | D:10     | Reached XP level 11. HP: 58/94 MP: 11/11
 11057 | D:2      | Bought the ring "Vafussam" {rF+ rN+ AC+4 Dex+4} for 688
                  | gold pieces
 11057 | D:2      | Bought a blade talisman for 330 gold pieces
 11163 | D:8      | Killed Erica
 11164 | D:8      | Reached skill level 5 in Dodging
 11333 | Lair:1   | Noticed Harold
 11358 | Lair:1   | Killed Harold
 11646 | Lair:1   | Reached skill level 13 in Unarmed Combat
 11781 | Lair:1   | Found a runed translucent gate.
 11781 | Lair:1   | Found a runed translucent gate.
 11781 | Lair:1   | Found a runed translucent gate.
 11788 | Lair:1   | Noticed Ukasumac's ghost (journeyman DgSh)
 11838 | Lair:1   | Noticed Amaemon
 11982 | Lair:1   | Noticed an ice dragon
 12120 | Lair:1   | Learned a level 2 spell: Blink
 12124 | Lair:1   | Learned a level 3 spell: Ozocubu's Armour
 12274 | Lair:1   | Killed Amaemon
 12290 | Lair:1   | Identified the +0 chain mail of Nethoit {Harm rC+ Regen+
                  | Str-2}
 12905 | Lair:2   | Reached skill level 5 in Evocations
 13228 | Lair:2   | Found a staircase to the Snake Pit.
 13624 | Lair:2   | Reached XP level 12. HP: 105/105 MP: 12/12
 13778 | Lair:2   | Noticed a six-headed hydra
 13794 | Lair:2   | a six-headed hydra changed into a great orb of eyes
 13794 | Lair:2   | Noticed a great orb of eyes
 13802 | Lair:2   | Killed a great orb of eyes
 13803 | Lair:2   | Reached skill level 10 in Fighting
 13906 | Lair:2   | Reached XP level 13. HP: 113/113 MP: 13/13
 14296 | Lair:2   | Reached skill level 14 in Unarmed Combat
 14921 | Lair:2   | a five-headed hydra changed into a spark wasp
 14921 | Lair:2   | Noticed a spark wasp
 15137 | Lair:2   | a spark wasp changed into a fire dragon
 15137 | Lair:2   | Noticed a fire dragon
 15148 | Lair:2   | Killed a fire dragon
 15482 | Lair:3   | Reached skill level 1 in Translocations
 15482 | Lair:3   | Reached skill level 1 in Ice Magic
 16180 | Lair:3   | Found a staircase to the Shoals.
 17580 | Lair:3   | Gained mutation: Your large and strong wings let you fly.
                  | [Black Draconian growth]
 17580 | Lair:3   | Reached XP level 14. HP: 110/121 MP: 14/14
 18388 | Lair:3   | Identified the +2 lajatang of Mucat {freeze, *Noise Will+
                  | Int+5}
 18890 | Lair:4   | Found a staircase to the Slime Pits.
 18891 | Lair:4   | Found a viscous altar of Jiyva.
 20215 | Lair:5   | Entered Level 5 of the Lair of Beasts
 20278 | Lair:5   | Reached skill level 5 in Ice Magic
 20506 | Lair:5   | HP: 6/121 [torpor snail (22)]
 21083 | Lair:5   | Reached skill level 15 in Unarmed Combat
 21447 | Lair:5   | Reached skill level 10 in Dodging
 22391 | Lair:5   | Found a corrupted altar of Lugonu.
 22391 | Lair:5   | Found a one-way gate to the infinite horrors of the Abyss.
 22411 | Lair:5   | Identified the +4 longbow of Panoerph {flame, Will+}
 22652 | Lair:5   | Found a runed translucent gate.
 22652 | Lair:5   | Found a runed translucent gate.
 22712 | Lair:5   | Reached XP level 15. HP: 126/126 MP: 15/15
 22723 | Lair:5   | Found a runed translucent gate.
 23194 | Lair:5   | Noticed Likado's ghost (journeyman GnSu)
 23668 | D:11     | Found a staircase to the Orcish Mines.
 23727 | D:11     | Noticed Lodul
 24025 | D:11     | Killed Lodul
 24328 | D:12     | Noticed Psyche
 24336 | D:12     | Killed Psyche
 24438 | D:12     | Reached skill level 16 in Unarmed Combat
 24799 | D:12     | Noticed Fannar
 25026 | D:12     | Killed Fannar
 26239 | Orc:1    | Entered Level 1 of the Orcish Mines
 26400 | Orc:1    | Found Buesuow's Distillery.
 26457 | Orc:1    | Bought a potion of haste for 140 gold pieces
 26496 | Orc:2    | Entered Level 2 of the Orcish Mines
 26496 | Orc:2    | Found Fibehiamn's Magic Scroll Emporium.
 26503 | Orc:2    | Found Cor Asch's Armour Shop.
 26503 | Orc:2    | Found Imutuow's General Store.
 26503 | Orc:2    | Found Xacudawk's Armour Shop.
 26930 | Orc:2    | Reached skill level 17 in Unarmed Combat
 27271 | Orc:2    | Paralysed by an ogre mage for 3 turns
 27437 | Orc:2    | Bought a scroll of teleportation for 48 gold pieces
 27616 | Orc:2    | Found a staircase to the Elven Halls.
 28017 | Orc:1    | Reached skill level 18 in Unarmed Combat
 28268 | D:11     | Learned a level 4 spell: Vhi's Electric Charge
 28424 | D:13     | Noticed Josephine
 28788 | D:13     | Reached skill level 1 in Air Magic
 29063 | D:13     | Reached XP level 16. HP: 78/134 MP: 9/16
 29489 | D:13     | Reached skill level 5 in Translocations
 29720 | D:13     | Killed Josephine
 30064 | D:13     | Found a gate to the Vaults.
 30675 | D:14     | Got the Papyrus of Charmed Corpses
 31251 | D:15     | Entered Level 15 of the Dungeon
 31347 | D:15     | Found a shimmering altar of Xom.
 31864 | D:15     | Reached skill level 5 in Air Magic
 32640 | D:15     | Found a staircase to the Depths.
 32958 | Snake:1  | Entered Level 1 of the Snake Pit
 34335 | Snake:1  | Learned a level 2 spell: Lesser Beckoning
 35801 | Snake:2  | Found Ganutit's Antique Armour Boutique.
 36316 | Snake:2  | Found an ancient bone altar of Kikubaaqudgha.
 36964 | Snake:3  | Reached XP level 17. HP: 142/146 MP: 17/17
 37751 | Snake:2  | Bought 3 scrolls of teleportation for 117 gold pieces
 37751 | Snake:2  | Bought 2 potions of curing for 78 gold pieces
 37753 | Snake:2  | Bought a +2 pair of boots of rampaging for 365 gold pieces
 37781 | Snake:3  | Reached skill level 19 in Unarmed Combat
 39097 | Snake:3  | Noticed Donald
 39114 | Snake:3  | Killed Donald
 39890 | Snake:3  | Found a radiant altar of Vehumet.
 40036 | Snake:4  | Entered Level 4 of the Snake Pit
 40875 | Snake:4  | Identified the serpent talisman of Kahe {Slay+3}
 40875 | Snake:4  | Noticed Aizul
 41720 | Snake:4  | Killed Aizul
 42752 | Snake:4  | Identified the ring "Nonafewn" {rElec MP+9 Str+3 Dex+2
                  | SInv}
 43397 | Snake:4  | Reached skill level 20 in Unarmed Combat
 43664 | Snake:4  | Noticed a quicksilver dragon
 43681 | Snake:4  | Killed a quicksilver dragon
 44169 | Snake:4  | Got a serpentine rune of Zot
 44355 | Shoals:1 | Entered Level 1 of the Shoals
 44544 | Shoals:1 | Reached XP level 18. HP: 161/161 MP: 18/18
 44971 | Shoals:1 | Learned a level 1 spell: Apportation
 45034 | Shoals:1 | Found a hazy altar of Hepliaklqana.
 46411 | Shoals:2 | Reached skill level 15 in Fighting
 47689 | Shoals:3 | Reached skill level 15 in Shapeshifting
 48122 | Shoals:3 | Found a runed translucent door.
 48123 | Shoals:3 | Noticed Onluw's ghost (adept DsWn)
 48140 | Shoals:3 | Found Irrime's Jewellery Shoppe.
 48153 | Shoals:3 | Bought the amulet "Nuhymy" {Reflect rC+ SH+5} for 616 gold
                  | pieces
 48615 | Shoals:3 | Upgraded the game from 0.31-a0-1611-g890cdf5628 to
                  | 0.31-a0-1612-g4aaf141004
 48673 | Shoals:4 | Entered Level 4 of the Shoals
 49483 | Shoals:4 | Got a barnacled rune of Zot
 49649 | Shoals:4 | Noticed Mara
 49664 | Shoals:4 | Noticed Strat's illusion
 50485 | Shoals:4 | Learned a level 3 spell: Swiftness
 51332 | Vaults:1 | Entered Level 1 of the Vaults
 52268 | Vaults:1 | Reached XP level 19. HP: 145/172 MP: 19/19
 53439 | Vaults:1 | Found Pinyqeli's General Store.
 54458 | Vaults:2 | Found Ukkoryci's Antique Weapon Shoppe.
 54739 | Vaults:2 | Identified the +1 scale mail of Meuseklo {rN++ Will+}
 54746 | Vaults:2 | Identified the +3 short sword of the Shimmering Gods
                  | {heavy, rPois}
 55123 | Vaults:2 | Paralysed by a formless jellyfish for 1 turns
 55289 | Vaults:2 | Found a staircase to the Crypt.
 56424 | Vaults:2 | Reached skill level 21 in Unarmed Combat
 56819 | Vaults:3 | Found Archemif's Book Boutique.
 56887 | Vaults:3 | Reached XP level 20. HP: 159/180 MP: 20/20
 57119 | Vaults:3 | Found a glowing silver altar of Zin.
 57250 | Vaults:3 | Found a white marble altar of Elyvilon.
 57250 | Vaults:3 | Found a glowing golden altar of the Shining One.
 58546 | Vaults:4 | Reached skill level 22 in Unarmed Combat
 59886 | Vaults:4 | Found the +27 heavy crossbow "Sniper" {heavy, Acc+∞ SInv}
 59905 | Vaults:4 | Identified the +4 ice dragon scales of the Storm King
                  | {rPois rF- rC++}
 60327 | Depths:1 | Entered Level 1 of the Depths
 60672 | Depths:1 | Found a one-way gateway to a ziggurat.
 60739 | Depths:1 | Found Upecad's Distillery.
 60743 | Depths:1 | Found Bixkepnav's Distillery.
 60744 | Depths:1 | Found Wecseomae's Jewellery Shoppe.
 60747 | Depths:1 | Bought a potion of heal wounds for 90 gold pieces
 60749 | Depths:1 | Bought a potion of heal wounds for 70 gold pieces
 60749 | Depths:1 | Bought a potion of curing for 42 gold pieces
 60945 | Depths:1 | HP: 7/180 [frost giant/bolt of cold (15)]
 61737 | Depths:1 | Found a gateway to Hell.
 62044 | Depths:2 | Reached XP level 21. HP: 135/188 MP: 21/21
 62051 | Depths:2 | Reached skill level 23 in Unarmed Combat
 62412 | Depths:2 | Identified the +5 falchion "Yxomp" {holy, *Corrode rF++}
 63240 | Depths:2 | Found a one-way gate leading to the halls of Pandemonium.
 65725 | Depths:3 | Noticed a golden dragon
 65730 | Depths:3 | Killed a golden dragon
 65750 | Depths:3 | Found Fothrof's Book Emporium.
 65751 | Depths:3 | Found Lucritt's Jewellery Shop.
 65751 | Depths:3 | Found Eciskyo's Jewellery Shop.
 65848 | Depths:4 | Entered Level 4 of the Depths
 66216 | Depths:4 | Noticed a juggernaut
 66227 | Depths:4 | Killed a juggernaut
 66332 | Depths:4 | Reached skill level 24 in Unarmed Combat
 67108 | Depths:4 | Found a gate to the Realm of Zot.
 67914 | Vaults:5 | Entered Level 5 of the Vaults
 67921 | Vaults:5 | Reached XP level 22. HP: 93/200 MP: 22/22
 68252 | Vaults:5 | Identified 3 scrolls of acquirement
 68269 | Vaults:5 | Identified the ring "Ammocac" {Wiz +Blink rF- rC+ Str+7}
 68515 | Vaults:5 | Identified the +3 orcbow of Expedience {heavy, ^Contam
                  | rPois Will+ Dex+4}
 68880 | Vaults:5 | Identified the +5 sling of Jutunwos {freeze, rPois Will+
                  | Int+3 Dex+3}
 68915 | Vaults:5 | Identified the +4 broad axe of an ice cave {freeze, +Blink
                  | rCorr Stlth+}
 68953 | Vaults:5 | Identified the +9 chain mail "Zaitafoss" {rN+ Int+3}
 68977 | Vaults:5 | Got a silver rune of Zot
 69157 | Vaults:5 | Identified the +3 spear of Wondrous Power {flame, rF- Str-5
                  | SInv Stlth+}
 69274 | Vaults:5 | Identified the +3 dire flail of Discomfort {flame, +Blink
                  | Str+2 Dex-4 SInv}
 69771 | Vaults:5 | Identified the +0 robe of Niluatis {rElec rPois rF-
                  | Archmagi}
 69838 | Vaults:5 | Identified the +1 dagger "Demon's Doom" {speed, *Slow rPois
                  | rN+++ Stlth-}
 69890 | Vaults:5 | Identified the amulet of the Kangaroo {Reflect +Inv Regen+
                  | SH+5}
 70590 | Elf:1    | Entered Level 1 of the Elven Halls
 70779 | Abyss:3  | Cast into level 3 of the Abyss (+2 halberd of distortion)
 70793 | Abyss:3  | Found a corrupted altar of Lugonu.
 70852 | Abyss:3  | Found a corrupted altar of Lugonu.
 71019 | Elf:1    | Escaped the Abyss
 71359 | Elf:1    | Noticed Kirke
 71365 | Elf:1    | Killed Kirke
 72043 | Elf:1    | Found Avail's Armour Emporium.
 72251 | Elf:2    | Found Vephevad's Antique Armour Boutique.
 72410 | Elf:2    | Found a runed translucent gate.
 72411 | Elf:2    | Found a runed translucent gate.
 72411 | Elf:2    | Found a runed translucent gate.
 72488 | Elf:1    | Found an ancient bone altar of Kikubaaqudgha.
 72751 | Elf:3    | Entered Level 3 of the Elven Halls
 73155 | Elf:3    | Noticed Saint Roka
 73404 | Elf:3    | Killed Saint Roka
 73405 | Elf:3    | Reached XP level 23. HP: 213/213 MP: 23/23
 73624 | Elf:3    | Paralysed by an air elemental for 1 turns
 73755 | Elf:3    | Found Wihoetub's Antique Weapon Boutique.
 73999 | Elf:3    | Identified the ring of the Sharing Gods {Fire Dex+3}
 74214 | Elf:3    | Identified the +12 rapier of Truth {flame, *Slow rF+ rCorr
                  | Stlth+}
 74553 | Elf:3    | Identified the +0 plate armour of the Narrow Hot Ocelot
                  | {rF+ Int+5}
 74553 | Elf:3    | Identified the ring of Twilight {rPois rC+ rCorr EV+5
                  | Dex+3}
 74672 | Elf:3    | Identified the +7 hand axe "Lamow" {flame, Int+2}
 74675 | Elf:3    | Identified the +2 robe "Beisomab" {Str+7}
 74684 | Elf:3    | Identified the staff of the Threshing Whale {rF+ Will+
                  | Fire}
 74736 | Elf:3    | Identified the +7 longbow of Cataclysm {flame, Str+3}
 75217 | Zot:1    | Entered Level 1 of the Realm of Zot
 77489 | Zot:1    | Acquired 565 gold pieces
 77493 | Zot:1    | Acquired the ring of Taurudem {rN+ Will++ rCorr Str-2 Int+3
                  | Dex+6}
 77495 | Zot:1    | Acquired 740 gold pieces
 77497 | Zot:1    | Acquired 921 gold pieces
 77852 | Zot:2    | Reached skill level 25 in Unarmed Combat
 79320 | Zot:3    | Noticed a curse toe
 79322 | Zot:3    | Killed a curse toe
 79361 | Zot:3    | Identified the +2 pair of boots of a wizard's laboratory
                  | {rPois rN+ Int+3 Dex+3}
 79541 | Zot:3    | Noticed Parghit
 79598 | Zot:3    | Killed Parghit
 79632 | Zot:3    | Identified the +2 mace "Inoapi Nima" {spect, Dex+7}
 79948 | Zot:3    | Found a blossoming altar of Fedhas.
 80281 | Zot:4    | Reached XP level 24. HP: 224/224 MP: 1/23
 80774 | Zot:5    | Entered Level 5 of the Realm of Zot
 81432 | Zot:5    | Noticed a dread lich
 81511 | Zot:5    | Noticed a dread lich
 81759 | Zot:5    | Noticed a Killer Klown
 81769 | Zot:5    | Killed a Killer Klown
 81813 | Zot:5    | Noticed a Killer Klown
 81814 | Zot:5    | Noticed an orb of fire
 81819 | Zot:5    | Noticed a Killer Klown
 81826 | Zot:5    | Killed a Killer Klown
 81832 | Zot:5    | Killed a Killer Klown
 81834 | Zot:5    | Killed an orb of fire
 81843 | Zot:5    | Noticed a Killer Klown
 81844 | Zot:5    | Noticed a Killer Klown
 81852 | Zot:5    | Noticed a Killer Klown
 81853 | Zot:5    | Killed a Killer Klown
 81858 | Zot:5    | Noticed a Killer Klown
 81861 | Zot:5    | Paralysed by something for 3 turns
 81862 | Zot:5    | Killed a Killer Klown
 81866 | Zot:5    | Noticed a Killer Klown
 81871 | Zot:5    | Killed a Killer Klown
 81874 | Zot:5    | Killed a dread lich
 82128 | Zot:5    | Killed a Killer Klown
 82143 | Zot:5    | Noticed an orb of fire
 82176 | Zot:5    | Noticed an orb of fire
 82203 | Zot:5    | Killed a Killer Klown
 82207 | Zot:5    | Killed an ancient lich
 82252 | Zot:5    | Got the Orb of Zot
 82831 | D:6      | Noticed Owabuega the pandemonium lord
 82964 | D:$      | Escaped with the Orb!

Illustrated notes

Levels and vault maps discovered:
D:1:      giann_horns, layout_loops_ring, ebering_ecumenical_altar_rust
D:2:      layout_basic, serial_shops, nicolae_shop_peninsula, basic_altar,
          uniq_jessica
D:3:      layout_basic, cheibriados_altar_2
D:4:      layout_loops_ring, mainiacjoe_overflow_concentric_impassable,
          grunt_temple_overflow_diamond, serial_shops,
          nicolae_shop_just_a_little_nook
D:5:      layout_basic
D:6:      layout_loops_corners, minmay_temple_entry_junction_2,
          chequers_serial_rivers_small_a
D:7:      layout_loops_ring, fedhas_altar_2, enter_bailey_5, minmay_crossroads
D:8:      layout_cave_pods, uniq_joseph, uniq_erica
D:9:      layout_loops_corners, kennysheep_mini_moat, minmay_misc_feat_doors
D:10:     layout_cave_pools, minitemple, david_lair_generic, enter_trove_0
D:11:     layout_long_grid, orc_0_dummy, uniq_lodul
D:12:     layout_long_grid, minmay_shattered_shrine, uniq_psyche, uniq_fannar
D:13:     layout_layer_cave, grunt_vaults_entry_fortified,
          minmay_misc_feat_more_columns, uniq_josephine
D:14:     layout_roguey, infiniplex_staircase_zigzag_3, serial_bayou,
          serial_bayou_pond_b, serial_bayou_pond_c, serial_bayou_pond_e,
          serial_bayou_pond_d, serial_bayou_ford_a, serial_bayou_shore_a,
          eino_tiny_chamber
D:15:     grunt_enter_depths_snipers, layout_loops_corners,
          minmay_misc_feat_room, serial_co_window_serial, co_window_cross_1,
          co_window_paths_a, co_window_corner_a, co_window_corner_a,
          co_window_of_opportunity_a, co_window_corner_a,
          co_window_of_opportunity_a, co_window_broadway_c, co_window_2corner,
          co_window_of_opportunity_b, co_window_unsneaky_path_b,
          co_window_4corner_b, glass_columns_a, glass_columns_a,
          glass_columns_c, glass_columns_a, glass_columns_a, led_xom_imps
Lair:1:   layout_loops_ring, gammafunk_ghost_icy, uniq_amaemon, uniq_harold
Lair:2:   layout_layer_cave, minmay_snake_entry_six_corridors,
          grunt_forest_stairs_clearing
Lair:3:   nzn_winding_woodlands_stair_trap [nzn_winding_woodlands_5x15_parted,
          nzn_winding_woodlands_5x15_longhouse, nzn_winding_woodlands_5x15_pool,
          nzn_winding_woodlands_15x15_boxy_spiral,
          nzn_winding_woodlands_5x15_lazy_stream,
          nzn_winding_woodlands_5x15_zeroes,
          nzn_winding_woodlands_5x15_sidewinder], layout_gridlike,
          minmay_shoals_entry_lonely_mermaid
Lair:4:   layout_hall_layers, slime_entry_1, portal_ice_cave_rime,
          beast_lair_carwin_11, infiniplex_staircase_pool_2
Lair:5:   hellmonk_lair_end_abyssal_woods, layout_small_grid,
          gammafunk_ghost_necromancy, roderic_batcave,
          chequers_serial_rivers_large_b, nicolae_quartered_pool_little, pond
Shoals:1: layout_shoals, lemuel_centaur_altar
Shoals:2: layout_shoals
Shoals:3: layout_shoals, gammafunk_ghost_grave, minmay_shop_enchanted_jewellery,
          nicolae_shoals_former_cling_halls
Shoals:4: shoals_end_simple, layout_shoals, uniq_mara
Snake:1:  layout_misc_corridors
Snake:2:  layout_honeycomb, serial_shops, shop, basic_altar
Snake:3:  layout_onion_interference, basic_altar, uniq_donald
Snake:4:  hellmonk_snake_rune_quicksilver_temple, layout_basic, uniq_aizul
Orc:1:    layout_caves, serial_shops, nicolae_shop_advertising_works
          [nicolae_subvault_shop_adworks]
Orc:2:    st_orc_ogre_mass, layout_caves, basic_altar
Elf:1:    elf_arrival_002, layout_gridlike, serial_shops, shop,
          nicolae_elf_crossing_hall, nrook_mini_backslash, moated_statue,
          grunt_megastairs_1, lemuel_upstairs_altar, uniq_kirke
Elf:2:    nicolae_elf_blades_crystal_corner, layout_loops_ring, serial_shops,
          shop
Elf:3:    elf_hall_gauntlet_narrow, layout_gridlike, serial_shops,
          nicolae_shop_stone, grunt_megastairs_5, uniq_saint_roka
Vaults:1: nicolae_vaults_shipping_containers_4, ontoclasm_vaults_ligature,
          v_rooms_3, v_pattern_3, hangedman_vaults_nails, v_alt_pattern_2,
          vaults_room_large_hall, v_misc_4, nicolae_vaults_trapezoid_3,
          v_misc_3, nicolae_vaults_two_Ls, nicolae_vaults_offset_grid_hallway_4,
          layout_vaults_maze, serial_shops, nicolae_shop_gibbet_a_chance
Vaults:2: minmay_crypt_entry_simple_sparse, nicolae_vaults_mitosis,
          nicolae_vaults_trapezoid_lopsided_3, hangedman_vaults_capsules,
          nicolae_vaults_wine_cellar, vaults_standard_mumra_x,
          nicolae_vaults_cornered_office, vaults_dpeg_cross,
          nicolae_vaults_little_squares_5, ontoclasm_vaults_misaligned,
          nicolae_vaults_heart-shaped_vault, layout_vaults_big_room,
          serial_shops, shop
Vaults:3: portal_desolation_entry_holy_temple, v_pattern_2,
          nicolae_vaults_what_the_h, vaults_room_door_ring, v_misc_23,
          v_alt_pattern_3, grunt_vaults_focal, nicolae_vaults_little_squares_3,
          ontoclasm_vaults_twist, v_rooms_4, vaults_mumra_hexcomb,
          vaults_dpeg_encased_lava, vaults_room_hallway,
          layout_vaults_omnicross, serial_shops, shop
Vaults:4: nicolae_vaults_little_squares_3, nicolae_vaults_offset_grid_hallway_2,
          nicolae_vaults_tetromino_L_1, minmay_guarded_unrand_secular_launcher,
          hangedman_vaults_impose, ontoclasm_vaults_ring_small,
          vaults_mumra_minichess, v_misc_30, hangedman_vaults_corner_blocks,
          nicolae_vaults_sesquioval_fish, hangedman_vaults_trim,
          grunt_vaults_funnel, layout_vaults_omnibox
Vaults:5: serial_shops
Depths:1: layout_gridlike, enter_ziggurat_b, abyss_entry, hangedman_geh_valley,
          kennysheep_windowed_goal, minmay_shop_star
Depths:2: minmay_the_grid_square_5x5_3x3
          [minmay_the_grid_square_5x5_two_walls_b,
          minmay_the_grid_square_5x5_meh, minmay_the_grid_square_5x5_spiral,
          minmay_the_grid_square_5x5_empty,
          minmay_the_grid_square_5x5_megaprize_hollow,
          minmay_the_grid_square_5x5_bracketed,
          minmay_the_grid_square_5x5_detours,
          minmay_the_grid_square_5x5_half_checkered,
          minmay_the_grid_square_5x5_n], layout_twisted_cross,
          minmay_misc_feat_rugged, grunt_pan_entry_in_and_out, hell_entry,
          serial_bayou_shore_b
Depths:3: dreamdust_hydra_shepherd, layout_cave_shapes, abyss_entry,
          grunt_decor_junction, hell_entry, minmay_shop_grove
Depths:4: grunt_x_marks_the_spot, layout_gridlike, rand_demon_pan_entry_7,
          bh_walls_and_bars, hell_entry
Zot:1:    layout_concentric_octagons, skrybe_zot_glass_2
Zot:2:    layout_cathedral_of_symmetry, st_stairs_7, regret_index_zotdec_banners
Zot:3:    layout_gridlike, regret_index_zotdec_decaying_basic,
          hangedman_zot_decor_slant, uniq_parghit
Zot:4:    layout_misc_corridors
Zot:5:    layout_cathedral_of_symmetry

Skill      XL: |  1  2  3  4  5  6  7  8  9 10 11 12 13 14 15 16 17 18 19 20 21 22 23 24 |
---------------+-------------------------------------------------------------------------+-----
Fighting       | 2 3 4 5 6 8 9 10 12 14 16 17 19 20 | 20.7
Unarmed Combat | 4 5 7 8 10 11 12 13 14 15 18 20 21 22 24 25 | 25.8
Shapeshifting  | 4 7 8 11 13 14 17 19 20 21 22 23 | 23.4
Dodging        | 2 4 6 9 10 12 13 | 13.3
Evocations     | 3 5 8 |  8.0
Translocations | 3 4 7 |  7.0
Ice Magic      | 3 7 |  7.2
Air Magic      | 1 7 9 |  9.0

Action                     |  1- 3 |  4- 6 |  7- 9 | 10-12 | 13-15 | 16-18 | 19-21 | 22-24 || total
---------------------------+-------+-------+-------+-------+-------+-------+-------+-------++-------
  Melee: Unarmed           |    74 |   120 |   323 |   361 |  1145 |  1415 |  1206 |   926 ||  5570
         Tailslap          |     4 |    19 |    43 |    63 |   214 |   272 |   258 |   205 ||  1078
         Punch             |     1 |     1 |    19 |    43 |   129 |   157 |   226 |   109 ||   685
         Constrict         |       |       |       |       |       |    20 |       |       ||    20
         Bite              |       |       |       |       |       |       |    27 |   125 ||   152
   Cast: Ozocubu's Armour  |       |       |       |       |     1 |     1 |       |       ||     2
         Blink             |       |       |       |       |     1 |       |       |     1 ||     2
         Lesser Beckoning  |       |       |       |       |       |     1 |       |       ||     1
         Vhi's Electric Ch |       |       |       |       |       |       |     1 |       ||     1
         Apportation       |       |       |       |       |       |       |       |     2 ||     2
 Invoke: Call Merchant     |       |       |       |       |       |     2 |       |       ||     2
         Bribe Branch      |       |       |       |       |       |       |       |     6 ||     6
Ability: Breathe Lightning |       |       |     2 |     1 |     2 |     3 |     3 |     4 ||    15
         Begin Untransform |       |       |       |     1 |     4 |     1 |     2 |       ||     8
  Evoke: Wand              |       |       |     8 |    22 |    17 |    12 |       |     1 ||    60
         Sack of spiders   |       |       |       |       |     1 |       |       |       ||     1
         Condenser vane    |       |       |       |       |     2 |     4 |       |     1 ||     7
    Use: Scroll            |       |     5 |     4 |    12 |    15 |    10 |     6 |    17 ||    69
         Potion            |       |       |       |     4 |    17 |     7 |    10 |     9 ||    47
   Stab: Sleeping          |       |     1 |     1 |       |     2 |     2 |     3 |     2 ||    11
         Distracted        |       |       |     3 |     1 |    12 |    12 |     8 |    11 ||    47
         Invisible         |       |       |       |       |     6 |       |       |       ||     6
         Petrifying        |       |       |       |       |     1 |       |       |       ||     1
         Confused          |       |       |       |       |       |     4 |       |       ||     4
 Armour: Skin              |    28 |    71 |   178 |   258 |   720 |   850 |   695 |   605 ||  3405
  Dodge: Dodged            |    32 |    71 |   166 |   238 |   983 |  1073 |   583 |   461 ||  3607
  Block: Buckler           |       |       |       |       |    13 |     3 |       |    54 ||    70
         Other             |       |       |       |       |       |    41 |   128 |    94 ||   263
         Reflection        |       |       |       |       |       |     6 |     7 |     9 ||    22
   Form: Beast             |       |       |       |     2 |     6 |     1 |       |       ||     9
         Blade             |       |       |       |       |     7 |     4 |     1 |       ||    12
         Maw               |       |       |       |       |       |     1 |       |       ||     1
         Flux              |       |       |       |       |       |     1 |       |       ||     1
         Serpent           |       |       |       |       |       |     2 |       |       ||     2
         Dragon            |       |       |       |       |       |       |     2 |     2 ||     4
         Death             |       |       |       |       |       |       |       |     2 ||     2

Table legend: (Time is in decaauts)
 A = Elapsed time spent in this place.
 B = Non-inter-level travel time spent in this place.
 C = Inter-level travel time spent in this place.
 D = Time resting spent in this place.
 E = Time spent auto-exploring this place.
 F = Levels seen in this place.
 G = Mean time per level.
                   A        B        C        D        E       F      G
               +--------+--------+--------+--------+--------+-----+--------+
         Total |  81281 |  76383 |   4898 |  24260 |  33037 |  48 | 1693.4 |
       Dungeon |  19813 |  17688 |   2125 |   3270 |   9981 |  15 | 1320.9 |
          Lair |  13171 |  12490 |    681 |   4231 |   5118 |   5 | 2634.2 |
        Shoals |   6610 |   6399 |    211 |   2565 |   2434 |   4 | 1652.5 |
     Snake Pit |   9902 |   9734 |    168 |   4325 |   3241 |   4 | 2475.5 |
  Orcish Mines |   2032 |   1917 |    115 |    847 |    551 |   2 | 1016.0 |
   Elven Halls |   3909 |   3739 |    170 |    378 |   2254 |   3 | 1303.0 |
        Vaults |  11094 |  10440 |    654 |   3428 |   4302 |   5 | 2218.8 |
        Depths |   8359 |   7726 |    633 |   3421 |   2524 |   4 | 2089.8 |
           Zot |   6174 |   6038 |    136 |   1793 |   2631 |   5 | 1234.8 |
         Abyss |    214 |    214 |      0 |      0 |      0 |   1 |  214.0 |
               +--------+--------+--------+--------+--------+-----+--------+

Top non-repeatable levels by time:
  Lair:2: 3594 daAuts
 Snake:4: 3591 daAuts
  Lair:3: 3549 daAuts
Depths:4: 2689 daAuts
 Snake:2: 2543 daAuts
    D:13: 2535 daAuts
Shoals:3: 2534 daAuts
Vaults:1: 2502 daAuts
Depths:1: 2460 daAuts
 Snake:3: 2446 daAuts
Vaults:4: 2336 daAuts
  Lair:5: 2223 daAuts
  Lair:4: 2142 daAuts
Vaults:2: 2117 daAuts
Vaults:3: 2114 daAuts
